 Dungeon Crawl Stone Soup version 0.31-a0-1300-gb6740aa4e6 (webtiles) character file.

Game seed: 18260501505659646816

366 pokeman the Magician (level 6, -1/34 HPs)
             Began as a Deep Elf Hedge Wizard on Dec 19, 2023.
             Slain by a mummy (16 damage)
             ... in an ossuary.
             The game lasted 00:10:55 (3542 turns).

pokeman the Magician (Deep Elf Hedge Wizard)        Turns: 3542, Time: 00:10:56

Health: -1/34      AC:  4    Str:  7    XL:     6   Next: 40%
Magic:  2/18       EV: 12    Int: 21    God:
Gold:   154        SH:  5    Dex: 14    Spells: 11/19 levels left

rFire   . . .        h - +2 spear (heavy)
rCold   . . .        (no shield)
rNeg    . . .        n - +0 troll leather armour
rPois   .            c - +0 hat
rElec   .            (no cloak)
rCorr   +            p - +0 pair of gloves
SInv    .            (no boots)
Will    .....        o - amulet of reflection
Stlth   ++           f - ring of resist corrosion
HPRegen 1.05/turn    (no ring)
MPRegen 0.16/turn

%: reflection
@: marked, very slightly contaminated
A: no striking features
a: no special abilities


You were in an ossuary.
You visited 1 branch of the dungeon, and saw 4 of its levels.
You also visited: Ossuary.

You collected 154 gold pieces.

Inventory:

Hand Weapons
 h - a +2 heavy spear (weapon)
Missiles
 i - a throwing net
Armour
 c - a +0 hat (worn)
 n - a +0 troll leather armour (worn)
 p - a +0 pair of gloves (worn)
Jewellery
 f - a ring of resist corrosion (left hand)
 o - an amulet of reflection (around neck)
Scrolls
 b - a scroll of silence {unknown}
 e - a scroll of teleportation {unknown}
 k - a scroll of poison {unknown}
 l - 2 scrolls of fog {unknown}
 m - a scroll of torment {unknown}
 q - a scroll of identify {unknown}
 r - a scroll of enchant weapon {unknown}
 t - a scroll of enchant armour {unknown}
Potions
 a - a potion of might {unknown}
 d - a potion of magic
 g - 2 potions of curing {unknown}
 j - a potion of enlightenment {unknown}
 s - a potion of lignification {unknown}


   Skills:
 + Level 1.6 Fighting
 - Level 1.0 Armour
 - Level 3.0 Dodging
 - Level 3.0 Stealth
 * Level 7.2 Spellcasting
 + Level 3.3 Conjurations
 - Level 1.1 Summonings
 - Level 1.1 Translocations
 - Level 1.0 Air Magic
 - Level 1.0 Poison Magic


You had 11 spell levels left.
You knew the following spells:

 Your Spells              Type           Power      Damage    Failure   Level
a - Magic Dart            Conj           84%        1d7       3%          1
b - Mephitic Cloud        Conj/Pois/Air  15%        N/A       19%         3
c - Call Imp              Summ           24%        N/A       12%         2
d - Blink                 Tloc           24%        N/A       12%         2

Your spell library contained the following spells:

 Spells                   Type           Power      Damage    Failure   Level
 Searing Ray              Conj           42%        2d6       4%          2
 Slow                     Hex            28%        N/A       13%         1
 Cigotuvi's Dreadful Rot  Necr/Pois/Air  20%        N/A       14%         2
 Gell's Gravitas          Tloc           12%        N/A       24%         3
 Teleport Other           Tloc           12%        N/A       24%         3
 Fulminant Prism          Conj/Hex       7%         3d7       54%         4
 Dispersal                Tloc           6%         N/A       100%        6


Dungeon Overview and Level Annotations

Branches:
Dungeon (4/15)            Ossuary (1/1)
 Temple: D:4-7

Altars:
Gozag
Qazlal

Shops:
D:2 *??(:

Annotations:
D:4 1 transporter


Message History

The centaur zombie completely misses you.
The centaur zombie barely misses you.
Casting: Call Imp (safe; 12% risk of failure)
Confirm with . or Enter, or press ? or * to list all spells.
You miscast Call Imp.
Nothing appears to happen.
The centaur zombie hits you but does no damage.
The centaur zombie kicks you but does no damage.
Unknown command.
Casting: Call Imp (safe; 12% risk of failure)
Confirm with . or Enter, or press ? or * to list all spells.
You don't have enough magic to cast this spell.
Unknown command.
You puncture the centaur zombie!
You destroy the centaur zombie!
Reach: h) +2 spear (heavy)
Press: ? - help, Dir - move target, f - mummy, p - mummy
Aim: a mummy (about 23% to evade your +2 heavy spear)
You reach to attack!
You puncture the mummy!
The mummy is moderately damaged.
Unknown command.
Reach: h) +2 spear (heavy)
Press: ? - help, Dir - move target, f/p - mummy
Aim: a mummy (moderately damaged, about 23% to evade your +2 heavy spear)
You puncture the mummy!
The mummy is almost destroyed.
Unknown command.
Reach: h) +2 spear (heavy)
Press: ? - help, Dir - move target, f/p - mummy
Aim: a mummy (almost destroyed, about 23% to evade your +2 heavy spear)
You closely miss the mummy.
The mummy is almost destroyed.
The mummy closely misses you. x2; You block the mummy's attack.
Unknown command.
Reach: h) +2 spear (heavy)
Press: ? - help, Dir - move target, f/p - mummy
Aim: a mummy (almost destroyed, about 23% to evade your +2 heavy spear)
You hit the mummy.
The mummy is almost destroyed.
The mummy hits you! You block the mummy's attack. The mummy hits you! x2
You die...

#######
#.#.#.###########
...............M##
.......^.......M@#
.......^.∩.∩...MM#
.....M...........#
................##
#.#.#.###########
#######


You could see 4 mummies.

Vanquished Creatures
  3 centaur zombies (Ossuary)
  A jelly (D:4)
  An iguana (D:4)
  Natasha (twice) (D:3)
  A mummy (Ossuary)
  3 gnolls (D:2)
  4 adders
  A shadow imp (D:4)
  2 dart slugs
  4 orcs
  5 ball pythons
  8 endoplasms
  2 giant cockroaches
  A goblin (D:2)
  5 hobgoblins
  6 jackals (D:1)
  10 kobolds
  4 quokkas
  2 bats
  A frilled lizard (D:3)
  2 hobgoblin zombies (Ossuary)
  9 rats
77 creatures vanquished.

Notes
Turn   | Place    | Note
-------+----------+-------------------------------------------
     0 | D:1      | pokeman the Deep Elf Hedge Wizard began the quest for the
                  | Orb.
     0 | D:1      | Reached XP level 1. HP: 10/10 MP: 7/7
     2 | D:1      | Noticed a tengu
     2 | D:1      | Noticed a troll
     4 | D:1      | Noticed a merfolk
     6 | D:1      | Noticed an armataur
     8 | D:1      | Noticed a demonspawn
     8 | D:1      | Noticed a vampire
    10 | D:1      | Noticed a vine stalker
    10 | D:1      | Noticed an elf
    12 | D:1      | Noticed a spriggan
    12 | D:1      | Noticed an ogre
    14 | D:1      | Noticed a gargoyle
    14 | D:1      | Noticed a minotaur
    16 | D:1      | Noticed a felid
    16 | D:1      | Noticed a naga
    18 | D:1      | Noticed an octopode
    18 | D:1      | Noticed a human
    22 | D:1      | Noticed a ghoul
    22 | D:1      | Noticed a demigod
    24 | D:1      | Noticed a formicid
   383 | D:1      | Reached XP level 2. HP: 16/16 MP: 6/9
   882 | D:1      | Reached skill level 5 in Spellcasting
  1118 | D:1      | Reached XP level 3. HP: 20/20 MP: 8/11
  1126 | D:1      | Learned a level 3 spell: Mephitic Cloud
  1129 | D:1      | Learned a level 2 spell: Call Imp
  1132 | D:1      | Learned a level 2 spell: Blink
  1500 | D:2      | Found Ufoavuw's Magic Scroll Shoppe.
  1507 | D:2      | Found Leqyhes's Weapon Shoppe.
  1526 | D:2      | Reached skill level 1 in Armour
  1566 | D:2      | Reached skill level 1 in Fighting
  1605 | D:2      | Reached XP level 4. HP: 25/25 MP: 7/13
  1723 | D:2      | Found Nepnodd's Book Boutique.
  2040 | D:2      | Found Pirche's Assorted Antiques.
  2216 | D:2      | Found a faded altar of an unknown god.
  2345 | D:2      | Found Qaydwof's Magic Scroll Boutique.
  2479 | D:3      | Noticed Natasha
  2483 | D:3      | Killed Natasha
  2484 | D:3      | Reached skill level 6 in Spellcasting
  2484 | D:3      | Reached XP level 5. HP: 29/29 MP: 9/15
  2688 | D:3      | Noticed Natasha
  2693 | D:3      | Killed Natasha
  3219 | D:4      | Found an opulent altar of Gozag.
  3244 | D:4      | Found a transporter.
  3307 | D:4      | Reached skill level 1 in Air Magic
  3307 | D:4      | Reached skill level 1 in Poison Magic
  3359 | D:4      | Found a stormy altar of Qazlal.
  3408 | D:4      | Found a sand-covered staircase.
  3415 | Ossuary  | Entered an ossuary
  3492 | Ossuary  | Reached XP level 6. HP: 26/34 MP: 7/17
  3509 | Ossuary  | Reached skill level 7 in Spellcasting
  3542 | Ossuary  | Slain by a mummy

Illustrated notes

Levels and vault maps discovered:
D:1:      kb_arrival_jail, layout_basic, grunt_decor_mini_mirrors
D:2:      layout_basic, serial_bayou, serial_bayou_lake_a, serial_bayou_pond_b,
          serial_bayou_pond_e, serial_bayou_shore_a, serial_bayou_shore_b,
          serial_shops, shop, shop, nicolae_shop_pleasant_corner_grove,
          nicolae_shop_just_a_little_nook, nicolae_shop_tiny_waterfront,
          chequers_ecumenical_altar_grove
D:3:      layout_basic, serial_forest, infiniplex_forest_lined_2,
          infiniplex_forest_clump_small, infiniplex_forest_clump_long,
          infiniplex_forest_straight_4, infiniplex_forest_clump_cross,
          infiniplex_forest_straight_2, infiniplex_forest_clump_medium,
          infiniplex_forest_corner_1, uniq_natasha
D:4:      gammafunk_cloud_chamber, layout_loops_ring,
          mainiacjoe_overflow_chevrons, mainiacjoe_overflow_catch_the_wave,
          nicolae_ossuary_entry_plus, chequers_serial_rivers_marsh,
          dk_vineyard_3
Ossuary:  ossuary_the_hunt_dpeg

Skill      XL: |  1  2  3  4  5  6 |
---------------+-------------------+-----
Spellcasting   | 5 6 7 |  7.2
Armour         | 1 |  1.0
Fighting       | 1 |  1.6
Conjurations   | 2 3 |  3.3
Stealth        | 3 |  3.0
Dodging        | 3 |  3.0
Air Magic      | 1 |  1.0
Poison Magic   | 1 |  1.0
Summonings     | |  1.1
Translocations | |  1.1

Action                     |  1- 3 |  4- 6 || total
---------------------------+-------+-------++-------
  Melee: Dagger            |     4 |       ||     4
         Short sword       |     1 |       ||     1
         Spear             |     4 |    56 ||    60
   Cast: Magic Dart        |   101 |    76 ||   177
         Mephitic Cloud    |     2 |     4 ||     6
         Blink             |       |     2 ||     2
         Call Imp          |       |     2 ||     2
   Stab: Sleeping          |       |     1 ||     1
 Armour: Robe              |    20 |     6 ||    26
         Troll leather arm |       |   109 ||   109
  Dodge: Dodged            |    24 |   140 ||   164
  Block: Other             |       |    30 ||    30

Table legend: (Time is in decaauts)
 A = Elapsed time spent in this place.
 B = Non-inter-level travel time spent in this place.
 C = Inter-level travel time spent in this place.
 D = Time resting spent in this place.
 E = Time spent auto-exploring this place.
 F = Levels seen in this place.
 G = Mean time per level.
                   A        B        C        D        E       F      G
               +--------+--------+--------+--------+--------+-----+--------+
         Total |   3610 |   3534 |     76 |     26 |   2784 |   5 |  722.0 |
       Dungeon |   3467 |   3391 |     76 |     26 |   2784 |   4 |  866.8 |
       Ossuary |    143 |    143 |      0 |      0 |      0 |   1 |  143.0 |
               +--------+--------+--------+--------+--------+-----+--------+

Top non-repeatable levels by time:
     D:1: 1368 daAuts
     D:2: 1061 daAuts
     D:3: 859 daAuts
     D:4: 178 daAuts
 Ossuary: 143 daAuts
